Map: Acid Plant LE

Players

LiquidMaNa (MaNa) - Winner!

  • Race: Protoss Protoss
  • League: Master
  • Spawn Location: 5:00

Clem

  • Race: Terran Terran
  • League: Master
  • Spawn Location: 11:00

Event: HomeStory Cup XVIII

VOD

Have the link to the VOD?

Description

Time

  • Played on: Nov. 23, 2018, 1:13 p.m.
  • Length: 13:51

All games in this series

Show
View Real Time Build Order
Export as new Build Order

LiquidMaNa Protoss - Winner!

Build Orders: 1 Gate Expand 

Get SALT Encoding   

  12  0:00  Probe  
  13  0:12  Probe  
  14  0:18  Pylon  
  14  0:24  Probe  
  15  0:33  Probe  
  15  0:36  Gateway  
  15  0:41  Probe  
  16  0:46  Assimilator  
  17  0:50  Probe  
  18  0:58  Probe  
  19  1:06  Probe  
  20  1:23  Nexus  
  20  1:33  Cybernetics Core  
  20  1:36  Probe  
  21  1:43  Assimilator  
  21  1:48  Probe  
  21  1:53  Pylon  
  22  2:00  Probe  
  23  2:01  Stalker  
  23  2:13  Probe  
  26  2:16  Warp Gate  
  26  2:25  Adept, Probe  
  28  2:37  Probe, Robotics Facility  
  28  2:41  Probe  
  30  2:49  Probe  
  31  2:51  Stalker  
  31  2:53  Probe  
  34  3:01  Probe  
  34  3:05  Probe  
  36  3:11  Gateway  
  36  3:15  Gateway  
  36  3:22  Probe x2  
  36  3:24  Observer  
  39  3:30  Pylon  
  39  3:34  Probe x2  
  39  3:35  Warp Prism  
  41  3:46  Probe x2  
  43  3:52  Twilight Council  
  43  3:58  Probe  
  43  3:59  Probe  
  45  4:10  Probe  
  45  4:11  Probe  
  45  4:12  Pylon  
  47  4:18  Stalker x3  
  47  4:21  Blink  
  47  4:23  Probe  
  54  4:29  Pylon  
  54  4:30  Pylon, Probe  
  55  4:35  Probe  
  56  4:47  Stalker x3  
  56  4:49  Probe  
  56  4:50  Probe  
  61  5:09  Nexus, Probe  
  61  5:11  Adept x3  
  68  5:15  Pylon  
  68  5:18  Forge  
  68  5:21  Probe  
  69  5:37  Adept x3  
  69  5:38  Immortal  
  69  5:42  Probe x2  
  75  5:45  Protoss Ground Weapons Level 1  
  67  5:54  Probe x2  
  61  6:00  Forge  
  61  6:06  Probe x2  
  61  6:08  Stalker x2, Assimilator  
  61  6:09  Assimilator  
  67  6:15  Observer  
  67  6:16  Stalker  
  70  6:18  Probe  
  70  6:24  Probe  
  70  6:25  Probe  
  73  6:30  Probe  
  73  6:32  Stalker x2  
  76  6:37  Probe  
  71  6:46  Protoss Ground Armor Level 1, Immortal  
  71  6:48  Charge  
  71  6:49  Probe  
  71  6:50  Probe  
  71  6:51  Probe  
  71  6:53  Assimilator x2  
  74  6:59  Zealot x2, Stalker  
  80  7:05  Probe  
  81  7:08  Photon Cannon  
  81  7:11  Protoss Ground Weapons Level 2  
  81  7:16  Gateway, Probe x2  
  81  7:19  Gateway x2  
  83  7:23  Pylon  
  83  7:25  Probe  
  83  7:36  Zealot x3  
  87  7:38  Warp Prism  
  87  7:43  Probe x2  
  91  7:51  Gateway x2  
  91  7:56  Nexus  
  91  7:57  Sentry x2  
  91  7:58  Sentry  
  97  8:02  Probe  
  97  8:05  Pylon  
  98  8:07  Robotics Bay  
  98  8:10  Robotics Facility  
  98  8:15  Stalker x2  
  98  8:18  Observer  
  103  8:23  Photon Cannon  
  103  8:24  Shield Battery  
  103  8:27  Stalker x2  
  107  8:36  Zealot x2  
  107  8:39  Pylon  
  107  8:40  Pylon  
  111  8:49  Stalker x2  
  111  8:50  Zealot  
  117  9:02  Colossus, Sentry  
  108  9:03  Zealot x3  
  108  9:04  Zealot  
  118  9:13  Colossus  
  116  9:20  Protoss Ground Weapons Level 3  
  116  9:21  Zealot x3  
  108  9:30  Stalker  
  108  9:31  Stalker x4  
  120  9:40  Protoss Ground Armor Level 2  
  120  9:44  Extended Thermal Lance  
  120  9:47  Pylon, Zealot x2  
  120  9:51  Observer  
  124  9:55  Zealot  
  123  10:07  Zealot x5  
  123  10:14  Colossus  
  133  10:20  Stalker x2  
  133  10:21  Stalker  
  143  10:27  Pylon  
  141  10:38  Nexus  
  139  10:46  Pylon  
  139  10:48  Zealot  
  139  10:49  Zealot x2  
  145  11:00  Immortal  
  145  11:04  Pylon  
  149  11:05  Pylon  
  149  11:07  Pylon  
  149  11:10  Photon Cannon  
  147  11:24  Stalker x2  
  147  11:25  Stalker x2  
  155  11:29  Gravitic Boosters  
  130  11:48  Immortal  
  130  11:49  Immortal  
  116  11:59  Zealot x4  
  132  12:07  Sentry x2  
  132  12:15  Stalker x2  
  136  12:18  Shield Battery  
  136  12:22  Stalker x2  
  140  12:24  Warp Prism  
  142  12:30  Templar Archives  
  142  12:32  Stalker  
  142  12:33  Stalker  
  140  12:56  Zealot x5  
  140  12:57  Zealot x3  
  156  13:17  High Templar x4  
  156  13:18  Zealot x3, Stalker  
  172  13:21  Archon  
  172  13:22  Archon  
  168  13:38  Assimilator  
  168  13:40  Nexus  
Show
View Real Time Build Order
Export as new Build Order

Clem Terran 

Build Orders: Gas First Reaper Expand, Reaper Expand 

Get SALT Encoding   

  12  0:00  SCV  
  13  0:12  SCV  
  14  0:17  Supply Depot  
  14  0:25  SCV  
  15  0:29  Refinery  
  15  0:38  SCV  
  16  0:44  Barracks  
  16  0:50  SCV  
  17  1:02  SCV  
  18  1:14  SCV  
  19  1:32  Reaper, Orbital Command  
  20  1:43  Command Center  
  20  1:57  SCV  
  21  2:03  Marine  
  21  2:06  Factory  
  22  2:11  Supply Depot  
  22  2:12  SCV  
  23  2:18  Refinery  
  23  2:24  SCV  
  23  2:26  Barracks Reactor  
  23  2:36  SCV  
  24  2:48  SCV  
  25  2:53  Starport  
  25  2:57  Factory Tech Lab  
  25  3:00  Orbital Command  
  25  3:01  SCV  
  25  3:03  Marine x2  
  28  3:13  SCV  
  28  3:16  Cyclone  
  32  3:20  Marine  
  32  3:21  Marine  
  32  3:25  SCV x2  
  36  3:34  Supply Depot  
  36  3:37  SCV  
  36  3:38  Marine x2  
  36  3:40  SCV  
  36  3:48  Cyclone  
  36  3:51  SCV  
  36  3:53  SCV  
  36  3:54  Medivac  
  43  3:56  Marine  
  43  4:00  Marine  
  45  4:04  Engineering Bay, SCV  
  47  4:10  SCV  
  47  4:14  Supply Depot, Marine  
  48  4:18  Marine  
  48  4:22  Siege Tank  
  52  4:25  SCV  
  53  4:32  Marine  
  53  4:34  Missile Turret  
  53  4:36  SCV  
  53  4:37  SCV  
  56  4:45  Command Center  
  56  4:48  Viking  
  58  4:54  Supply Depot, SCV  
  58  4:57  Marine x2  
  60  5:02  SCV  
  60  5:05  Siege Tank  
  55  5:08  SCV  
  56  5:14  Barracks  
  56  5:15  Marine  
  56  5:17  Barracks  
  56  5:19  Marine  
  58  5:23  SCV  
  58  5:29  SCV  
  58  5:31  Medivac  
  58  5:32  Marine  
  58  5:35  SCV  
  60  5:37  Marine  
  60  5:41  SCV  
  60  5:47  SCV  
  60  5:49  Siege Tank  
  59  5:50  Marine  
  59  5:54  SCV  
  59  5:55  Marine  
  60  5:59  SCV  
  61  6:05  Refinery x2  
  61  6:06  Supply Depot, SCV  
  61  6:07  Supply Depot  
  61  6:08  Barracks Tech Lab  
  61  6:11  SCV, Orbital Command  
  62  6:18  SCV  
  62  6:23  Marine x2, SCV  
  62  6:24  Starport Reactor  
  65  6:27  Factory Reactor  
  65  6:30  SCV  
  66  6:35  SCV  
  66  6:40  SCV  
  66  6:42  SCV  
  57  6:47  Stimpack, Marauder, Marine  
  57  6:48  Marauder, Marine  
  57  6:49  SCV  
  64  6:54  Barracks  
  64  6:55  SCV  
  64  6:56  Barracks  
  64  6:59  Combat Shield  
  66  7:05  Orbital Command  
  66  7:06  Marine x2  
  71  7:08  Widow Mine x2  
  71  7:11  Marauder x2  
  71  7:12  SCV x2  
  71  7:15  Terran Infantry Weapons Level 1  
  77  7:19  Engineering Bay  
  77  7:21  Supply Depot  
  77  7:24  Marine x2  
  77  7:25  SCV x2  
  81  7:32  Marauder, SCV  
  81  7:35  Marauder  
  85  7:39  Supply Depot  
  85  7:43  Widow Mine x2  
  88  7:44  Barracks Tech Lab  
  88  7:45  Barracks Reactor  
  88  7:47  Marine x2  
  90  7:51  Medivac  
  90  7:52  Medivac  
  90  7:54  Marauder, SCV x3  
  99  8:00  Terran Infantry Armor Level 1  
  99  8:03  Supply Depot  
  99  8:05  Marine x2  
  101  8:10  Marauder  
  103  8:13  Missile Turret  
  103  8:15  Widow Mine x2, SCV  
  108  8:21  Supply Depot, Marauder  
  108  8:23  Marauder  
  112  8:28  Marine x2, Medivac  
  112  8:32  SCV x3  
  119  8:34  Medivac  
  119  8:38  Marine  
  119  8:39  Marine  
  119  8:41  Concussive Shells  
  123  8:44  Marine, Marauder  
  123  8:46  Supply Depot, SCV x2  
  123  8:47  SCV  
  129  8:54  Starport  
  129  8:56  Refinery x2  
  129  8:58  Marine x4  
  129  9:02  Widow Mine, Marauder  
  131  9:03  SCV  
  131  9:05  Marine  
  131  9:07  Marauder, SCV  
  135  9:12  Widow Mine  
  135  9:14  Liberator  
  127  9:23  Widow Mine  
  127  9:24  Marauder x2, Marine, SCV  
  118  9:25  Marine  
  118  9:26  Marine x2  
  118  9:28  Medivac  
  120  9:31  Marauder  
  123  9:44  Fusion Core  
  123  9:45  Marauder  
  125  9:46  Supply Depot  
  125  9:47  Starport Tech Lab  
  125  9:49  Marine x2  
  125  9:51  Command Center  
  127  9:53  Marine x2  
  127  9:56  Widow Mine  
  127  9:59  Marine  
  134  10:00  Widow Mine  
  134  10:04  Marauder  
  136  10:11  Marine, Marauder  
  136  10:12  Liberator  
  133  10:14  Marine  
  133  10:16  Missile Turret  
  133  10:17  Marauder  
  132  10:22  Widow Mine  
  132  10:28  Liberator  
  132  10:30  Widow Mine, Marine x3  
  132  10:31  Marauder  
  132  10:33  Marauder, SCV  
  128  10:38  Marauder, Marine  
  128  10:41  Medivac  
  131  10:44  Widow Mine  
  136  10:50  Supply Depot  
  136  10:51  Marine x3  
  136  10:52  Widow Mine  
  136  10:53  Marauder  
  136  10:54  Liberator x2  
  136  10:55  Armory, Marauder  
  142  11:00  Marauder, Command Center  
  144  11:09  Marine x2  
  144  11:11  Widow Mine  
  147  11:15  Marauder  
  156  11:18  Marauder  
  156  11:19  Supply Depot, Marine  
  156  11:21  Supply Depot, Marauder  
  156  11:22  SCV  
  156  11:23  SCV  
  156  11:25  SCV  
  157  11:34  SCV  
  157  11:35  Widow Mine, SCV  
  157  11:39  SCV  
  157  11:40  Widow Mine, Marine, Marauder x2  
  157  11:46  SCV  
  147  11:48  Marauder, SCV  
  147  11:52  Liberator  
  122  11:56  Widow Mine  
  122  11:57  Marine x2  
  122  11:58  Marine x2  
  122  12:00  Medivac  
  120  12:01  Liberator  
  120  12:02  Widow Mine, Marauder x2  
  120  12:08  Advanced Ballistics  
  117  12:09  Marauder  
  125  12:25  Command Center  
  125  12:29  Marine x4  
  129  12:35  Medivac  
  129  12:39  Marine x2  
  129  12:41  Marauder  
  129  12:43  Widow Mine  
  131  12:47  Liberator  
  122  12:52  Widow Mine  
  122  12:57  Marauder x2  
  122  13:02  Marauder  
  122  13:04  Widow Mine  
  122  13:05  Marine  
  123  13:13  Widow Mine  
  123  13:17  Marine x2  
  123  13:18  Marauder  
  129  13:30  Widow Mine  
  129  13:32  Marine x2  
Tags
 
Add a new tag
Caveats
  • Supply blocks, unpowered buildings, or Contaminate may cause inaccurate times.
  • Supply counts are checked every 10 seconds.